 Dungeon Crawl Stone Soup version 0.28-a0-1339-ga5422284a4 (webtiles) character file.

Game seed: 5543623821931698556

60 pokeman the Magician (level 3, 0/20 HPs)
             Began as a Deep Elf Hedge Wizard on Dec 29, 2021.
             Slain by a lemure (6 damage)
             ... led by Pikel
             ... on level 4 of the Dungeon.
             The game lasted 00:04:41 (2187 turns).

pokeman the Magician (Deep Elf Hedge Wizard)        Turns: 2187, Time: 00:04:42

Health: 0/20       AC:  2    Str:  7    XL:     3   Next: 82%
Magic:  1/11       EV: 13    Int: 20    God:
Gold:   98         SH:  0    Dex: 18    Spells: 1/12 levels left

rFire   . . .      SeeInvis .   o - +7 whip of Destiny {venom, Contam rC+ rCorr Dex+4}
rCold   + . .      Faith    .   (no shield)
rNeg    . . .      Spirit   .   b - +0 robe
rPois   .          Reflect  .   c - +0 hat
rElec   .          Harm     .   (no cloak)
rCorr   +          Rampage  .   (no gloves)
Will    .....                   (no boots)
Stlth   ++........              (no amulet)
HPRegen 0.06/turn               (no ring)
MPRegen 0.12/turn               (no ring)

@: on blink cooldown
A: no striking features
a: no special abilities


You were on level 4 of the Dungeon.
You visited 1 branch of the dungeon, and saw 3 of its levels.

You collected 98 gold pieces.

Inventory:

Hand Weapons
 o - the +7 whip of Destiny (weapon) {venom, Contam rC+ rCorr Dex+4}
   (You found it on level 4 of the Dungeon)

   It poisons the flesh of those it strikes.
   Dex:       It affects your dexterity (+4).
   rC:        It protects you from cold.
   Contam:    It causes magical contamination when unequipped.
   rCorr:     It protects you from acid and corrosion.
Missiles
 i - 7 bolts
 m - a throwing net
Armour
 b - a +0 robe (worn)
 c - a +0 hat (worn)
 e - an orb of wrath
Scrolls
 l - a scroll of fog {unknown}
 n - a scroll of teleportation {unknown}
Potions
 d - a potion of magic {unknown}
 f - a potion of brilliance {unknown}
 g - a potion of haste {unknown}
 h - a potion of invisibility {unknown}
 j - a potion of berserk rage {unknown}
 k - 2 potions of curing {unknown}


   Skills:
 - Level 1.0 Fighting
 - Level 1.0 Armour
 + Level 2.5 Dodging
 - Level 2.4 Stealth
 * Level 5.4 Spellcasting
 + Level 2.0 Conjurations
 - Level 1.1 Summonings
 - Level 1.1 Translocations
 + Level 0.2 Fire Magic


You had one spell level left.
You knew the following spells:

 Your Spells              Type           Power      Damage    Failure   Level
a - Magic Dart            Conj           52%        1d5       4%          1
b - Mephitic Cloud        Conj/Pois/Air  8%         N/A       26%         3
c - Call Imp              Summ           9%         N/A       11%         2
d - Blink                 Tloc           18%        N/A       11%         2
e - Conjure Flame         Conj/Fire      9%         6-21      22%         3

Your spell library contained the following spells:

 Spells                   Type           Power      Damage    Failure   Level
 Sandblast                Erth           10%        2d5       11%         1
 Slow                     Hex            20%        N/A       11%         1
 Passwall                 Tmut/Erth      4%         N/A       17%         2
 Stone Arrow              Conj/Erth      18%        3d8       22%         3
 Ignite Poison            Fire/Tmut/Pois 5%         N/A       32%         3
 Sticky Flame             Conj/Fire      9%         2d3       56%         4
 Chain Lightning          Conj/Air       4%         3d6       100%        9
 Fire Storm               Conj/Fire      4%         8d1       100%        9
 Shatter                  Erth           2%         3d6*      100%        9


Dungeon Overview and Level Annotations

Branches:
Dungeon (2/15)

Altars:

Annotations:
D:2 1 runed translucent door, Crazy Yiuf
D:4 Pikel


Message History

Confirm with . or Enter, or press ? or * to list all spells.
The spell is extremely dangerous to miscast (22% risk of failure)!
Continue anyway?
You miscast Conjure Flame.
Nothing appears to happen.
The lemure hits your iron imp.
Your iron imp hits the lemure.
Something misses your iron imp.
Your iron imp hits the lemure but does no damage.
The lemure hits your iron imp.
Your iron imp hits the lemure!
The lemure hits your iron imp but does no damage.
The lemure closely misses your iron imp.
Your iron imp closely misses the lemure.
The lemure hits your iron imp.
Your iron imp barely misses the lemure.
The lemure barely misses your iron imp.
Your iron imp hits the lemure.
The lemure dies!
The lemure closely misses your iron imp.
The lemure hits your iron imp but does no damage.
Your iron imp hits the lemure.
The lemure hits your iron imp but does no damage.
The lemure hits your iron imp but does no damage.
Your iron imp barely misses the lemure.
The lemure hits your iron imp.
Your magical contamination has completely faded away.
Your iron imp disappears in a puff of smoke!
Casting: Conjure Flame (extremely dangerous; 22% risk of failure)
Confirm with . or Enter, or press ? or * to list all spells.
A beastly little devil appears in a puff of flame.
The lemure hits you.
* * * LOW HITPOINT WARNING * * *
Unknown command.
The lemure misses your crimson imp. The lemure hits your crimson imp.
Your crimson imp hits the lemure.
Something hits your crimson imp.
Your crimson imp dies!
Your crimson imp disappears in a puff of smoke!
The lemure shouts!
The lemure barely misses you.
Casting: Call Imp (safe; 11% risk of failure)
Confirm with . or Enter, or press ? or * to list all spells.
You blink.
The lemure hits you.
You die...

##########
#.....5..#
#.######.#
..####.#### #.#
.........5.# #.#
...####.##5###.#
#...@....#
####.##### #.#
#.# #.#####
#.....# ##.##5#
####...#.######.
+...............


You could see 2 lemures.

Vanquished Creatures
  3 gnolls (D:2)
  A dart slug (D:1)
  5 ball pythons (D:1)
  2 bats (D:1)
  4 endoplasms
  A hobgoblin (D:1)
  4 kobolds (D:1)
  2 quokkas (D:1)
  3 frilled lizards (D:1)
  A goblin (D:1)
  5 rats (D:1)
31 creatures vanquished.

Vanquished Creatures (collateral kills)
  A lemure (D:4)
1 creature vanquished.

Grand Total: 32 creatures vanquished

Notes
Turn   | Place    | Note
-------+----------+-------------------------------------------
     0 | D:1      | pokeman the Deep Elf Hedge Wizard began the quest for the
                  | Orb.
     0 | D:1      | Reached XP level 1. HP: 10/10 MP: 7/7
   629 | D:1      | Reached XP level 2. HP: 12/16 MP: 4/9
  1294 | D:1      | Reached skill level 5 in Spellcasting
  1550 | D:1      | Reached XP level 3. HP: 20/20 MP: 8/11
  1558 | D:1      | Learned a level 3 spell: Mephitic Cloud
  1561 | D:1      | Learned a level 2 spell: Call Imp
  1564 | D:1      | Learned a level 2 spell: Blink
  1568 | D:1      | Learned a level 3 spell: Conjure Flame
  1756 | D:2      | Found a runed translucent door.
  1757 | D:2      | Noticed Crazy Yiuf
  1870 | D:2      | Reached skill level 1 in Fighting
  1870 | D:2      | Reached skill level 1 in Armour
  2001 | D:2      | You fall into a shaft and drop 2 floors!
  2090 | D:4      | Identified the +7 whip of Destiny {venom, Contam rC+ rCorr
                  | Dex+4}
  2130 | D:4      | Noticed a lemure
  2130 | D:4      | Noticed a lemure
  2132 | D:4      | Noticed a lemure
  2138 | D:4      | Noticed Pikel
  2140 | D:4      | Noticed a lemure
  2163 | D:4      | Killed a lemure
  2187 | D:4      | Slain by a lemure

Illustrated notes

Levels and vault maps discovered:
D:1:      minmay_arrival_split_and_join, layout_basic, minmay_misc_feat_rugged,
          minmay_close_crescents
D:2:      layout_loops_corners, dreamdust_ecumenical_altar_hidden_monk_grotto,
          uniq_crazy_yiuf_cottage, uniq_sigmund
D:4:      layout_loops_corners, uniq_pikel, uniq_grinder

Skill      XL: |  1  2  3 |
---------------+----------+-----
Spellcasting   | 5 |  5.4
Fighting       | 1 |  1.0
Armour         | 1 |  1.0
Conjurations   | 2 |  2.0
Dodging        | |  2.5
Stealth        | |  2.4
Summonings     | |  1.1
Translocations | |  1.1
Fire Magic     | |  0.2

Action                   || total
-------------------------++-------
Melee: Whip              ||     5
       Dagger            ||     1
 Cast: Magic Dart        ||    71
       Call Imp          ||     3
       Blink             ||     2
       Conjure Flame     ||     1
       Mephitic Cloud    ||     1
Armor: Robe              ||     4
Dodge: Dodged            ||    13

Table legend: (Time is in decaauts)
 A = Elapsed time spent in this place.
 B = Non-inter-level travel time spent in this place.
 C = Inter-level travel time spent in this place.
 D = Time resting spent in this place.
 E = Time spent auto-exploring this place.
 F = Levels seen in this place.
 G = Mean time per level.
                   A        B        C        D        E       F      G
               +--------+--------+--------+--------+--------+-----+--------+
         Total |   2186 |   2123 |     63 |      2 |   1882 |   3 |  728.7 |
       Dungeon |   2186 |   2123 |     63 |      2 |   1882 |   3 |  728.7 |
               +--------+--------+--------+--------+--------+-----+--------+

Top non-repeatable levels by time:
     D:1: 1719 daAuts
     D:2: 281 daAuts
     D:4: 185 daAuts
